 Dungeon Crawl Stone Soup version 0.27-a0-797-g27d10ad (webtiles) character file.

Game seed: 4740918417720432506

196 TheGoonsmith the Ducker (level 5, -2/36 HPs)
             Began as a Djinni Fire Elementalist on Mar 27, 2021.
             Slain by a water moccasin (9 damage)
             ... on level 3 of the Dungeon.
             The game lasted 00:05:42 (2935 turns).

TheGoonsmith the Ducker (Djinni Fire Elementalist)  Turns: 2935, Time: 00:05:43

Health: -2/36      AC:  5    Str:  7    XL:     5   Next: 74%
Gold:   105        EV: 14    Int: 17    God:
                   SH:  0    Dex: 14

rFire    + + .     SeeInvis .   e - +0 dagger
rCold    x . .     Faith    .   (no shield)
rNeg     . . .     Spirit   .   a - +0 robe
rPois    ∞         Reflect  .   (no helmet)
rElec    .         Harm     .   d - +2 cloak
rCorr    .         Rampage  .   (no gloves)
Will     .....                  (boots unavailable)
Stlth    ++........             (no amulet)
HPRegen  0.12/turn              (no ring)
MPRegen  0.00/turn              (no ring)

@: flying
A: fire resistance 2, cold vulnerability 1, float, innate caster, hp casting,
extra vitality 1
a: no special abilities


You were on level 3 of the Dungeon.
You visited 1 branch of the dungeon, and saw 3 of its levels.

You collected 105 gold pieces.

Inventory:

Hand Weapons
 e - a +0 dagger (weapon)
Armour
 a - a +0 robe (worn)
 d - a +2 cloak (worn)
Scrolls
 b - a scroll of identify {unknown}
 f - a scroll of enchant armour {unknown}
Potions
 c - a potion of curing {unknown}
 g - a potion of heal wounds {unknown}


   Skills:
 + Level 0.3 Fighting
 - Level 5.0 Dodging
 - Level 1.5 Stealth
 - Level 4.0 Spellcasting


You couldn't memorise any spells.
You knew the following spells:

 Your Spells              Type           Power      Damage    Failure   Level
a - Foxfire               Conj/Fire      68%        2x1d7     3%          1
b - Conjure Flame         Conj/Fire      17%        6-21      9%          3
c - Inner Flame           Hex/Fire       17%        N/A       9%          3
d - Sticky Flame          Conj/Fire      17%        2d4       30%         4
e - Fireball              Conj/Fire      8%         3d6       63%         5
f - Pain                  Necr           68%        1d7       3%          1
g - Corpse Rot            Necr/Air       N/A        N/A       4%          2
Your spell library was empty.

Dungeon Overview and Level Annotations

Branches:
Dungeon (3/15)

Altars:
Kikubaaqudgha
Uskayaw
Yredelemnul

Shops:
D:1 *


Innate Abilities, Weirdness & Mutations

You are immune to poison.
Your flesh is very heat resistant. (rF++)
You are vulnerable to cold. (rC-)
You float through the air rather than walking.
You learn spells naturally, not from books.
Your magical power is your life essence.
You have superior vitality. (+4 HP)


Message History

The gnoll is severely wounded.
A water moccasin comes into view.
The foxfire hits the gnoll.
The gnoll is severely wounded.
Casting: Foxfire (safe; 3% risk of failure)
Confirm with . or Enter, or press ? or * to list all spells.
You conjure some foxfire!
The foxfire hits the gnoll but does no damage.
The gnoll is severely wounded.
The foxfire hits the gnoll.
You kill the gnoll!
Training target 5.0 for Dodging reached!
Your Dodging skill increases to level 5!
You need to enable at least one skill for training.
Casting: Foxfire (safe; 3% risk of failure)
Confirm with . or Enter, or press ? or * to list all spells.
You conjure some foxfire!
The foxfire hits the water moccasin but does no damage.
The foxfire hits the water moccasin.
The water moccasin is lightly wounded.
The water moccasin closely misses you.
Casting: Foxfire (safe; 3% risk of failure)
Confirm with . or Enter, or press ? or * to list all spells.
You conjure some foxfire!
The water moccasin bites you.
The foxfire hits the water moccasin.
The water moccasin is moderately wounded.
The foxfire hits the water moccasin.
The water moccasin is heavily wounded.
The water moccasin bites you.
Casting: Foxfire (safe; 3% risk of failure)
Confirm with . or Enter, or press ? or * to list all spells.
You conjure some foxfire!
The water moccasin misses you. The water moccasin bites you!
* * * LOW HITPOINT WARNING * * *
The foxfire hits the water moccasin.
The water moccasin is heavily wounded.
The foxfire hits the water moccasin.
The water moccasin is severely wounded.
The water moccasin bites you!
You die...

#.# # #.# #.
###.# .##...#
. ...#.. ..
#).(# #.##S.#
#..).@#######
#.##§.......#
########.##
#..# #..#
#..#
#..########
#..........
#...######


You could see a water moccasin.

Vanquished Creatures
  A water moccasin skeleton (D:2)
  Jessica (D:2)
  4 gnolls (D:3)
  An adder (D:2)
  5 worms
  A dart slug (D:1)
  3 ball pythons
  2 bat zombies (D:2)
  5 endoplasms
  2 giant cockroaches (D:1)
  3 goblins
  4 hobgoblins (D:1)
  9 jackals (D:2)
  4 kobolds
  2 quokkas
  3 bats
  3 frilled lizards
  3 rats
  2 rat zombies (D:2)
58 creatures vanquished.

Vanquished Creatures (others)
  206 foxfires
206 creatures vanquished.

Grand Total: 264 creatures vanquished

Notes
Turn   | Place    | Note
-------+----------+-------------------------------------------
     0 | D:1      | TheGoonsmith the Djinni Fire Elementalist began the quest
                  | for the Orb.
     0 | D:1      | Reached XP level 1. HP: 15/15 MP: 0/0
   216 | D:1      | Found Lualluoqia's General Store.
   512 | D:1      | Reached XP level 2. HP: 20/21 MP: 0/0
   797 | D:1      | Reached skill level 3 in Dodging
  1076 | D:2      | Reached XP level 3. HP: 21/25 MP: 0/0
  1076 | D:2      | Learned a level 1 spell: Pain
  1437 | D:2      | Reached XP level 4. HP: 15/31 MP: 0/0
  1894 | D:2      | Reached skill level 4 in Dodging
  2031 | D:2      | Found a hide-covered altar of Uskayaw.
  2077 | D:2      | Noticed Jessica
  2091 | D:2      | Killed Jessica
  2092 | D:2      | Reached XP level 5. HP: 22/35 MP: 0/0
  2092 | D:2      | Learned a level 2 spell: Corpse Rot
  2857 | D:3      | Found a basalt altar of Yredelemnul.
  2927 | D:3      | Noticed a water moccasin
  2930 | D:3      | Reached skill level 5 in Dodging
  2935 | D:3      | Slain by a water moccasin

Illustrated notes

Levels and vault maps discovered:
D:1:      saegor_arrival_simple_b, layout_basic, serial_shops, shop_fountains
D:2:      layout_basic, lemuel_doored_altar, lemuel_zombie_altar_kikubaaqudgha,
          minivault_4, minmay_3d_cube, uniq_jessica
D:3:      layout_loops_ring, general_overflow_altar, lemuel_round_altar,
          nicolae_overflow_hidden_temple, old_standard_altar,
          minmay_joined_circles

Skill      XL: |  1  2  3  4  5 |
---------------+----------------+-----
Spellcasting   | 3 4 |  4.0
Dodging        | 3 4 5 |  5.0
Fighting       | |  0.3
Stealth        | |  1.5

Action                   |  1- 3 |  4- 6 || total
-------------------------+-------+-------++-------
Melee: Dagger            |       |     7 ||     7
 Cast: Foxfire           |    49 |    70 ||   119
Armor: Robe              |     5 |    15 ||    20
Dodge: Dodged            |    15 |    29 ||    44

Table legend: (Time is in decaauts)
 A = Elapsed time spent in this place.
 B = Non-inter-level travel time spent in this place.
 C = Inter-level travel time spent in this place.
 D = Time resting spent in this place.
 E = Time spent auto-exploring this place.
 F = Levels seen in this place.
 G = Mean time per level.
                   A        B        C        D        E       F      G
               +--------+--------+--------+--------+--------+-----+--------+
         Total |   2935 |   2879 |     56 |      0 |   2495 |   3 |  978.3 |
       Dungeon |   2935 |   2879 |     56 |      0 |   2495 |   3 |  978.3 |
               +--------+--------+--------+--------+--------+-----+--------+

Top non-repeatable levels by time:
     D:2: 1589 daAuts
     D:1: 1180 daAuts
     D:3: 164 daAuts
